 Dungeon Crawl Stone Soup version 0.29.0-15-g675c0067aa (webtiles) character file.

Game seed: 10150872097080695544

7281 LabCoat the Cleaver (level 11, -1/142 HPs)
             Began as a Hill Orc Fighter on Sept 11, 2022.
             Was a Believer of Trog.
             Succumbed to an orange demon's poison
             ... on level 10 of the Dungeon.
             The game lasted 00:33:27 (10847 turns).

LabCoat the Cleaver (Hill Orc Fighter)             Turns: 10847, Time: 00:33:28

Health: -1/142     AC:  7    Str: 24    XL:     11   Next: 12%
Magic:  11/11      EV:  9    Int:  8    God:    Trog [**....]
Gold:   210        SH: 15    Dex: 10    Spells: 10/10 levels left

rFire   . . .      SeeInvis .   a - +1 war axe
rCold   + . .      Faith    .   E - +0 kite shield
rNeg    . . .      Spirit   .   j - +0 plate armour
rPois   .          Reflect  +   (no helmet)
rElec   .          Harm     .   r - +0 cloak
rCorr   .          Rampage  .   k - +2 pair of gloves
Will    .....                   e - +0 pair of boots
Stlth   ..........              f - amulet of reflection
HPRegen 0.33/turn               b - +4 ring of evasion
MPRegen 0.12/turn               p - ring of protection from cold

@: berserking, lethally poisoned (-1 -> -20), corroded, very quick
A: no striking features
a: Renounce Religion, Berserk, Trog's Hand


You were on level 10 of the Dungeon.
You worshipped Trog.
Trog was pleased with you.
You visited 2 branches of the dungeon, and saw 11 of its levels.

You collected 570 gold pieces.
You spent 360 gold pieces at shops.

Inventory:

Hand Weapons
 a - a +1 war axe (weapon)
 l - a +0 battleaxe
 z - a +0 flail
Missiles
 q - 11 boomerangs (quivered)
Armour
 e - a +0 pair of boots (worn)
 i - +0 acid dragon scales
 j - a +0 plate armour (worn)
 k - a +2 pair of gloves (worn)
 r - a +0 cloak (worn)
 A - +0 steam dragon scales
 E - a +0 kite shield (worn)
Jewellery
 b - a +4 ring of evasion (left hand)
 d - an amulet of regeneration
 f - an amulet of reflection (around neck)
 g - an amulet of guardian spirit
 m - an amulet of the acrobat
 p - a ring of protection from cold (right hand)
 y - a +4 ring of evasion
Wands
 C - a wand of acid (2)
Scrolls
 s - 2 scrolls of teleportation
 t - a scroll of poison
 v - a scroll of blinking
 w - a scroll of fear
 B - 2 scrolls of identify
Potions
 h - a potion of curing
 n - 3 potions of magic
 o - 3 potions of brilliance
 u - a potion of ambrosia
 x - a potion of lignification
 D - 2 potions of cancellation {unknown}


   Skills:
 + Level 8.8 Fighting
 * Level 12.3 Axes
 + Level 5.1 Throwing
 + Level 8.0 Armour
 + Level 8.0 Shields
 + Level 5.5 Evocations


You had 10 spell levels left.
You didn't know any spells.
Your spell library contained the following spells:

 Spells                   Type           Power      Damage    Failure   Level
 Blink                    Tloc           0%         N/A       100%        2
 Scorch                   Fire           0%         2d5       100%        2
 Gell's Gravitas          Tloc           0%         N/A       100%        3
 Lesser Beckoning         Tloc           0%         N/A       100%        3
 Summon Guardian Golem    Hex/Summ       0%         N/A       100%        3
 Teleport Other           Tloc           0%         N/A       100%        3
 Flame Wave               Conj/Fire      0%         2d4       100%        4
 Fireball                 Conj/Fire      0%         3d3       100%        5
 Iskenderun's Battlesphe  Conj           0%         2d6       100%        5
 Manifold Assault         Tloc           0%         N/A       100%        5
 Conjure Ball Lightning   Conj/Air       0%         3x3d6     100%        6
 Summon Cactus Giant      Summ           0%         N/A       100%        6
 Orb of Destruction       Conj           0%         9d5       100%        7
 Spellforged Servitor     Conj/Summ      0%         N/A       100%        7
 Storm Form               Tmut/Air       0%         N/A       100%        7


Dungeon Overview and Level Annotations

Branches:
Dungeon (10/15)            Temple (1/1) D:7
   Lair: D:8-11         Orc: D:9-12

Altars:
Ashenzari
Cheibriados
Dithmenos
Elyvilon
Fedhas
Gozag
Hepliaklqana
Kikubaaqudgha
Makhleb
Nemelex Xobeh
Okawaru
Qazlal
Ru
Sif Muna
Trog
Uskayaw
Vehumet
Wu Jian
Xom
Yredelemnul
Zin
The Shining One

Shops:
D:8 =


Message History

You closely miss the kobold demonologist.
The kobold demonologist is moderately wounded.
You slash the rust devil! You hit the iron imp.
You feel sick.
The kobold demonologist barely misses you.
The orange demon stings you from afar!
* * * LOW HITPOINT WARNING * * *
You slash the kobold demonologist!
The kobold demonologist is severely wounded.
You hit the iron imp.
You kill the iron imp!
The iron imp disappears in a puff of smoke!
You barely miss the rust devil.
You feel sick. The rust devil hits you.
* * * LOW HITPOINT WARNING * * *
The rust devil corrodes you! You block the orange demon's attack.
The kobold demonologist hits you with a +1 dagger of electrocution.
* * * LOW HITPOINT WARNING * * *
You are electrocuted!
* * * LOW HITPOINT WARNING * * *
You slash the kobold demonologist!
The kobold demonologist is almost dead.
You barely miss the rust devil. You block the orange demon's attack.
The rust devil hits you. The rust devil corrodes you!
The orange demon stings you from afar.
* * * LOW HITPOINT WARNING * * *
You are lethally poisoned!
The orange demon poisons you!
The crimson imp blinks!
You are too berserk!
You closely miss the kobold demonologist.
The kobold demonologist is almost dead.
You hit the rust devil.
* * * LOW HITPOINT WARNING * * *
You feel very sick.
The kobold demonologist looks encouraged for a moment.
The orange demon splashes around in the water.
You block the rust devil's attack.
The orange demon stings you but does no damage.
You hit the kobold demonologist.
The kobold demonologist is almost dead.
You hit the rust devil.
You die...

...#. #....####...#
.####.##....##.#...#
..............##
#.....###......###
...... ##.........
......##........#
...##....)5.....#.
......#.))).......
..... ##..@.#.... ..
##4K~#.... . #ยง44~#
#.# ....~8# ..
.#...~~# .. #....~#
. ##....# ......


You could see 2 orange demons, a rust devil (summoned), a kobold demonologist
and a crimson imp (summoned).

Vanquished Creatures
  A centaur warrior (D:8)
  A two-headed ogre (D:9)
  Joseph (D:8)
  Maggie (D:8)
  Psyche (D:8)
  A hornet (D:9)
  4 yaks (D:7)
  2 wyverns (D:8)
  Eustachio (D:5)
  3 steam dragons
  An acid dragon (D:7)
  3 water moccasins
  5 orc warriors
  2 sky beasts
  A black bear (D:4)
  An ogre (D:7)
  3 centaurs
  3 bullfrogs
  2 gnoll sergeants
  A necrophage (D:6)
  3 scorpions
  8 killer bees
  3 howler monkeys
  4 hounds
  A jelly (D:8)
  A gnoll bouda (D:6)
  7 orc priests
  3 iguanas
  Ijyb (D:3)
  6 orc wizards
  17 gnolls
  8 adders
  4 white imps (D:7)
  An ufetubus (D:5)
  3 worms
  15 dart slugs
  35 orcs
  17 ball pythons
  6 endoplasms
  3 giant cockroaches
  9 goblins
  8 hobgoblins
  8 jackals
  7 kobolds
  3 quokkas
  7 bats
  2 frilled lizards
  11 rats
239 creatures vanquished.

Vanquished Creatures (others)
  An ice beast (D:5)
  An orc wizard (D:5)
  11 fungi (D:3)
13 creatures vanquished.

Grand Total: 252 creatures vanquished

Notes
Turn   | Place    | Note
-------+----------+-------------------------------------------
     0 | D:1      | LabCoat the Hill Orc Fighter began the quest for the Orb.
     0 | D:1      | Reached XP level 1. HP: 19/19 MP: 1/1
   182 | D:1      | Reached XP level 2. HP: 27/27 MP: 2/2
   190 | D:1      | Reached skill level 3 in Axes
   417 | D:1      | Reached XP level 3. HP: 33/33 MP: 3/3
  1028 | D:2      | Reached XP level 4. HP: 36/40 MP: 4/4
  1318 | D:2      | Reached skill level 4 in Axes
  1635 | D:2      | Found a faded altar of an unknown god.
  2031 | D:3      | Found a basalt altar of Yredelemnul.
  2370 | D:3      | Reached XP level 5. HP: 47/47 MP: 5/5
  2430 | D:3      | Reached skill level 5 in Axes
  2535 | D:3      | Reached XP level 6. HP: 51/55 MP: 6/6
  2583 | D:3      | Noticed Ijyb
  2598 | D:3      | Killed Ijyb
  3216 | D:4      | Reached skill level 5 in Fighting
  3437 | D:4      | Noticed a black bear
  3444 | D:4      | Killed a black bear
  3445 | D:4      | Reached skill level 6 in Axes
  3445 | D:4      | Reached XP level 7. HP: 59/61 MP: 7/7
  3631 | D:5      | Entered Level 5 of the Dungeon
  3638 | D:5      | Reached skill level 5 in Armour
  3641 | D:5      | Noticed Eustachio
  3663 | D:5      | Reached skill level 5 in Shields
  3666 | D:5      | Reached skill level 7 in Axes
  3668 | D:5      | Killed Eustachio
  3669 | D:5      | Reached skill level 1 in Throwing
  3669 | D:5      | Reached skill level 1 in Evocations
  3669 | D:5      | Reached XP level 8. HP: 27/70 MP: 3/8
  3987 | D:5      | Found a blossoming altar of Fedhas.
  4529 | D:6      | Found a stormy altar of Qazlal.
  4725 | D:6      | Found a sparkling altar of Nemelex Xobeh.
  4848 | D:6      | Reached skill level 8 in Axes
  5133 | D:6      | Found a shadowy altar of Dithmenos.
  5928 | D:7      | Noticed a yak
  5930 | D:7      | Noticed a yak
  5931 | D:7      | Noticed a yak
  5932 | D:7      | Noticed a yak
  5942 | D:7      | Reached XP level 9. HP: 30/78 MP: 3/9
  5948 | D:7      | Reached skill level 9 in Axes
  6162 | D:7      | Found a staircase to the Ecumenical Temple.
  6187 | Temple   | Entered the Ecumenical Temple
  6187 | Temple   | Found a transporter.
  6187 | Temple   | Found a transporter.
  6266 | Temple   | Found a transporter.
  6266 | Temple   | Found a transporter.
  6281 | Temple   | Became a worshipper of Trog the Wrathful
  6449 | D:7      | Found an iron altar of Okawaru.
  6865 | D:7      | Reached skill level 10 in Axes
  6942 | D:7      | Found an ornate altar of the Wu Jian Council.
  7576 | D:8      | Noticed a centaur warrior
  7595 | D:8      | Killed a centaur warrior
  7596 | D:8      | Reached XP level 10. HP: 45/88 MP: 8/10
  7777 | D:8      | Noticed Joseph
  7792 | D:8      | Killed Joseph
  7937 | D:8      | Noticed Psyche
  7957 | D:8      | Killed Psyche
  7958 | D:8      | Reached skill level 11 in Axes
  8220 | D:8      | Found Deewaimm's Jewellery Boutique.
  8234 | D:8      | Bought an amulet of reflection for 360 gold pieces
  8249 | D:8      | Noticed Maggie
  8258 | D:8      | Reached * piety under Trog
  8275 | D:8      | Killed Maggie
  8525 | D:8      | Identified the +2 robe of Bedevilment {Dex+4 Archmagi}
  9277 | D:9      | Reached skill level 5 in Evocations
  9716 | D:9      | Reached ** piety under Trog
  9914 | D:9      | Noticed a two-headed ogre
  9923 | D:9      | Killed a two-headed ogre
  9924 | D:9      | Reached skill level 12 in Axes
  9924 | D:9      | Reached skill level 5 in Throwing
  9924 | D:9      | Reached XP level 11. HP: 73/95 MP: 11/11
 10790 | D:10     | Entered Level 10 of the Dungeon
 10845 | D:10     | HP: 5/142 [orange demon[a kobold demonologist] (5)]
 10846 | D:10     | HP: 1/142 [poisoned by an orange demon]
 10847 | D:10     | Succumbed to an orange demon's poison

Illustrated notes

Levels and vault maps discovered:
D:1:      minmay_arrival_glassed_features, layout_basic
D:2:      layout_loops_corners, shapermc_ecumenical_altar_acropolis,
          hangedman_decor_points
D:3:      kennysheep_slugbush, layout_rooms, mainiacjoe_overflow_chevrons,
          uniq_ijyb
D:4:      layout_loops_ring
D:5:      layout_cave_pools, fedhas_altar_2, serial_column_ruins,
          column_ruins_circle_medium, column_ruins_hut_ruined,
          column_ruins_open_large, column_ruins_open_tiny, column_ruins_grid_3,
          uniq_eustachio
D:6:      layout_cave_pods, lemuel_crystal_altar,
          mainiacjoe_overflow_small_starburst, nicolae_overflow_crystal_walls,
          grunt_decor_resistance
D:7:      layout_loops_ring, lemuel_tele_altar, old_standard_altar,
          minmay_temple_entry_waves, enter_bailey_2, serial_rivers,
          chequers_serial_rivers_large_a, chequers_serial_rivers_room_a,
          chequers_serial_rivers_room_a, chequers_serial_rivers_room_b,
          lightli_corner_chamber
D:8:      layout_cave_pods, serial_rivers, chequers_serial_rivers_micro_d,
          chequers_serial_rivers_small_a, chequers_serial_rivers_room_b,
          chequers_serial_rivers_room_a, chequers_serial_rivers_micro_b,
          serial_shops, nicolae_stop_n_shop_1, minmay_misc_feat_five,
          uniq_maggie, uniq_psyche, uniq_joseph
D:9:      layout_grid_maze
D:10:     layout_cave_pools, grunt_lair_entry_orc_guard_hut,
          ebering_ghost_reflecting_pool, moated_statue
Temple:   hellmonk_temple_divided_pantheon

Skill      XL: |  1  2  3  4  5  6  7  8  9 10 11 |
---------------+----------------------------------+-----
Axes           | 3 4 5 6 7 8 10 12 | 12.3
Fighting       | 4 5 6 7 8 |  8.8
Armour         | 4 5 6 7 8 |  8.0
Shields        | 4 5 6 7 8 |  8.0
Throwing       | 1 2 4 5 |  5.1
Evocations     | 1 2 4 5 |  5.5

Action                   |  1- 3 |  4- 6 |  7- 9 | 10-12 || total
-------------------------+-------+-------+-------+-------++-------
Melee: War axe           |   105 |   201 |   324 |   197 ||   827
Throw: Boomerang         |       |       |    20 |    16 ||    36
Invok: Berserk           |       |       |       |     1 ||     1
Evoke: Wand              |       |       |     5 |     3 ||     8
  Use: Scroll            |     1 |    10 |     6 |     4 ||    21
       Potion            |       |     3 |     6 |     3 ||    12
Armor: Chain mail        |    76 |   122 |   226 |    11 ||   435
       Scale mail        |     2 |       |       |       ||     2
       Plate armour      |       |       |       |   100 ||   100
Dodge: Dodged            |    38 |    75 |   187 |    74 ||   374
Block: Buckler           |    23 |    51 |    88 |    69 ||   231
       Kite shield       |       |       |       |    79 ||    79
       Reflection        |       |       |       |     4 ||     4
